 Dungeon Crawl Stone Soup version 0.26-a0-710-g95a0c6c400 (webtiles) character file.

Game seed: 4711378157901763610

29 Ijustatesigmund the Skirmisher (level 3, -1/33 HPs)
             Began as a Hill Orc Fighter on Oct 30, 2020.
             Slain by Sigmund
             ... wielding a +1 scythe of freezing
              (5 damage)
             ... on level 2 of the Dungeon.
             The game lasted 00:01:45 (700 turns).

Ijustatesigmund the Skirmisher (Hill Orc Fighter)    Turns: 700, Time: 00:01:45

Health: -1/33      AC:  7    Str: 18    XL:     3   Next: 16%
Magic:  2/2        EV:  7    Int:  8    God:
Gold:   52         SH:  9    Dex: 11    Spells: 2/2 levels left

rFire    + . .     SeeInvis .   a - +0 war axe
rCold    . . .     Faith    .   c - +0 kite shield
rNeg     . . .     Spirit   .   b - +0 scale mail
rPois    .         Reflect  .   (no helmet)
rElec    .         Harm     .   (no cloak)
rCorr    .         Rampage  .   (no gloves)
MR       .....                  (no boots)
Stlth    ..........             (no amulet)
HPRegen  0.11/turn              (no ring)
MPRegen  0.08/turn              (no ring)

@: no status effects
A: blurry vision 1, fire resistance 1, low mp 1
a: no special abilities


You were on level 2 of the Dungeon.
You visited 1 branch of the dungeon, and saw 2 of its levels.

You collected 52 gold pieces.

Inventory:

Hand Weapons
 a - a +0 war axe (weapon)
Armour
 b - a +0 scale mail (worn)
 c - a +0 kite shield (worn)
Scrolls
 d - a scroll of amnesia {unknown}
 e - 4 scrolls of identify {unknown}
 f - a scroll of remove curse {unknown}
 g - 3 scrolls of random uselessness {unknown}
 i - a scroll of teleportation {unknown}
Potions
 h - a potion of haste {unknown}


   Skills:
 + Level 4.0 Fighting
 + Level 3.1 Axes
 - Level 3.8 Armour
 - Level 0.1 Dodging
 - Level 3.5 Shields


You had 2 spell levels left.
You didn't know any spells.
Your spell library was empty.

Dungeon Overview and Level Annotations

Branches:
Dungeon (2/15)

Altars:
Ashenzari

Annotations:
D:2 Sigmund


Innate Abilities, Weirdness & Mutations

Scrolls take you a little longer to read.
Your flesh is heat resistant. (rF+)
Your magical capacity is low. (-10% MP)


Message History

Found a purple potion.
You see here a frilled lizard corpse.
It was a potion of mutation.
You feel extremely strange.
You feel less energetic.
Your vision blurs.
You feel resistant to heat. Something hits you. Something freezes you.
You block something's attack.
You miss something.
A rat comes into view.
You hear some strange, mumbled words.
Something tries to affect you, but you resist.
You barely miss something. Something hits you! Something freezes you.
You closely miss something. Something hits you. Something freezes you.
You closely miss something. You block something's attack.
You slash something! Something hits you!
* * * LOW HITPOINT WARNING * * *
Something freezes you.
* * * LOW HITPOINT WARNING * * *
You closely miss something. You barely miss the rat.
You block the rat's attack. Something hits you.
You die...

#........
########.####### .
#.....<......... .!
#........####### ...
#............... ....
#........###.... .....
#...............
......####..........#####
......)r@{..........#
..###.####.......##.##
#....'.............
#@####..........###
#.......####
#####.###......
+..............
#####...........
############


You could see a rat.

Vanquished Creatures
  A gnoll (D:1)
  A dart slug (D:1)
  3 giant cockroaches (D:1)
  2 goblins (D:1)
  A hobgoblin (D:1)
  3 kobolds (D:1)
  A bat (D:1)
  2 frilled lizards
  4 rats
18 creatures vanquished.

Notes
Turn   | Place    | Note
-------+----------+-------------------------------------------
     0 | D:1      | Ijustatesigmund the Hill Orc Fighter began the quest for
                  | the Orb.
     0 | D:1      | Reached XP level 1. HP: 19/19 MP: 1/1
    96 | D:1      | Found a broken altar of Ashenzari.
   130 | D:1      | Reached XP level 2. HP: 26/27 MP: 2/2
   217 | D:1      | Reached skill level 4 in Fighting
   400 | D:1      | Reached XP level 3. HP: 30/33 MP: 3/3
   683 | D:2      | Noticed Sigmund
   693 | D:2      | Gained mutation: Your magical capacity is low. (-10% MP)
                  | [potion of mutation]
   693 | D:2      | Gained mutation: Scrolls take you a little longer to read.
                  | [potion of mutation]
   693 | D:2      | Gained mutation: Your flesh is heat resistant. (rF+)
                  | [potion of mutation]
   700 | D:2      | Slain by Sigmund

Illustrated notes

Levels and vault maps discovered:
D:1:      giann_bridges, layout_basic, evilmike_ruin_ashenzari
D:2:      layout_basic, uniq_sigmund

Skill      XL: |  1  2 |
---------------+-------+-----
Fighting       | 4 |  4.0
Axes           | 3 |  3.1
Armour         | |  3.8
Dodging        | |  0.1
Shields        | |  3.5

Action                   || total
-------------------------++-------
Melee: War axe           ||    58
  Use: Potion            ||     2
Armor: Scale mail        ||    14
Dodge: Dodged            ||    15
Block: Kite shield       ||    32

Table legend: (Time is in decaauts)
 A = Elapsed time spent in this place.
 B = Non-inter-level travel time spent in this place.
 C = Inter-level travel time spent in this place.
 D = Time resting spent in this place.
 E = Time spent auto-exploring this place.
 F = Levels seen in this place.
 G = Mean time per level.
                   A        B        C        D        E       F      G
               +--------+--------+--------+--------+--------+-----+--------+
         Total |    725 |    720 |      5 |    158 |    428 |   2 |  362.5 |
       Dungeon |    725 |    720 |      5 |    158 |    428 |   2 |  362.5 |
               +--------+--------+--------+--------+--------+-----+--------+

Top non-repeatable levels by time:
     D:1: 679 daAuts
     D:2: 45 daAuts
